 Dungeon Crawl Stone Soup version 0.21.1-1-g345015fe64 (webtiles) character file.

1011 Oravi the Insei (level 8, -2/56 HPs)
             Began as a Merfolk Transmuter on Apr 10, 2018.
             Was a Follower of Qazlal.
             Slain by an unseen horror (10 damage)
             ... on level 7 of the Dungeon.
             The game lasted 00:20:13 (6311 turns).

Oravi the Insei (Merfolk Transmuter)                Turns: 6311, Time: 00:20:14

Health: -2/56      AC:  2    Str: 15    XL:     8   Next: 21%
Magic:  7/11       EV: 24    Int: 14    God:    Qazlal [*.....]
Gold:   339        SH:  1    Dex: 20    Spells: 5/11 levels left

rFire    . . .     SeeInvis .     - Unarmed
rCold    . . .     Gourm    .   (shield currently unavailable)
rNeg     . . .     Faith    .   (armour currently unavailable)
rPois    x         Spirit   .   (helmet currently unavailable)
rElec    .         Reflect  .   (cloak currently unavailable)
rCorr    .         Harm     .   (gloves currently unavailable)
MR       .....                  (boots currently unavailable)
Stlth    ++........             (no amulet)
HPRegen  0.18/turn              o - +5 ring of strength
MPRegen  0.12/turn              (no ring)

@: spider-form (expiring)
A: tiny, (change form in water), (swift swim), (stealthy swim)
a: End Transformation, Renounce Religion


You were on level 7 of the Dungeon.
You worshipped Qazlal.
Qazlal was aware of your devotion.
You were not hungry.
You were a venomous arachnid creature.
You visited 1 branch of the dungeon, and saw 7 of its levels.

You collected 339 gold pieces.

Inventory:

Missiles
 a - 32 arrows
Armour
 b - a +0 robe (melded)
 i - a +0 pair of gloves
Jewellery
 o - a +5 ring of strength (left front leg)
Wands
 n - a wand of flame (48)
 s - a wand of iceblast (14)
Scrolls
 f - 4 scrolls of identify
 g - 5 scrolls of remove curse
 l - a scroll of enchant armour
 q - a scroll of enchant weapon
 r - a scroll of magic mapping
Potions
 h - 2 potions of magic
 k - a potion of might
 m - a potion of flight
 p - a potion of ambrosia
Books
 c - a book of Changes

   Spells                             Type                      Level
   a - Beastly Appendage              Transmutation                1
   b - Sticks to Snakes               Transmutation                2
   c - Spider Form                    Transmutation/Poison         3
   d - Ice Form                       Ice/Transmutation            4
   e - Blade Hands                    Transmutation                5
 u - a book of Flames

   Spells                             Type                      Level
   a - Flame Tongue                   Conjuration/Fire             1
   b - Throw Flame                    Conjuration/Fire             2
   c - Conjure Flame                  Conjuration/Fire             3
   d - Inner Flame                    Hexes/Fire                   3
   e - Sticky Flame                   Conjuration/Fire             4
   f - Fireball                       Conjuration/Fire             5
Comestibles
 d - 11 rations
 t - 4 chunks of flesh


   Skills:
 + Level 2.0 Fighting
 + Level 4.8 Dodging
 + Level 7.1 Unarmed Combat
 - Level 2.0 Spellcasting
 * Level 7.0 Transmutations
 * Level 4.0 Poison Magic


You had 5 spell levels left.
You knew the following spells:

 Your Spells              Type           Power        Failure   Level  Hunger
a - Beastly Appendage     Tmut           ###...       6%          1    ##.....
b - Sticks to Snakes      Tmut           ###.....     8%          2    ###....
c - Spider Form           Tmut/Pois      ###.......   21%         3    ####...


Dungeon Overview and Level Annotations

Branches:
Dungeon (7/15)             Temple (0/1) D:4

Altars:
Ashenzari
Dithmenos
Nemelex Xobeh
Qazlal
Sif Muna


Message History

Something closely misses you.
You closely miss something. Something barely misses you.
Okay, then.
As you read the scroll of fear, it crumbles to dust.
You assume a fearsome visage.
There is a stone staircase leading down here.
Your transformation has ended.
Your +0 robe unmelds from your body.
A phantom comes into view.
Casting: Spider Form
Confirm with . or Enter, or press ? or * to list all spells.
You turn into a venomous arachnid creature.
Your +0 robe melds into your body.
The phantom closely misses you.
The phantom blinks!
Something closely misses you. The phantom completely misses you.
Your transformation is almost over.
Something barely misses you.
The phantom blinks!
Something misses you. Something hits you but does no damage.
Something hits you!
You die...

#....## #####....###
##.....## ####....
#<......# #....
#.......# #.._.
#.......# ######....
##.....## #.........
#......# #.#####...
.......##### #.....#...
.......s...########.....
.............# ##....
#.....###.##.### ##.##.
##...# #......####..# #
###. ######.W..##..## #
... ###......####
#..#####.##).....
#.#..........###
#......##.......


There were no monsters in sight!

Vanquished Creatures
  Sigmund (D:4)
  A water moccasin (D:6)
  An ice beast (D:5)
  An ogre (D:3)
  2 bullfrogs (D:6)
  A scorpion (D:5)
  A crimson imp (D:6)
  A hound (D:6)
  An orc priest (D:6)
  An orc wizard (D:6)
  3 worker ants
  9 adders
  An ooze (D:1)
  An adder skeleton (D:4)
  2 worms (D:2)
  A dart slug (D:3)
  4 leopard geckos
  11 orcs
  A ball python (D:1)
  6 bats
  7 giant cockroaches
  4 goblins (D:1)
  9 hobgoblins
  12 jackals
  3 frilled lizards
  9 kobolds
  A leopard gecko skeleton (D:5)
  A quokka skeleton (D:7)
  A quokka zombie (D:7)
  14 rats
  A plant (D:3)
112 creatures vanquished.

Notes
Turn   | Place    | Note
-------+----------+-------------------------------------------
     0 | D:1      | Oravi the Merfolk Transmuter began the quest for the Orb.
     0 | D:1      | Reached XP level 1. HP: 15/15 MP: 3/3
   110 | D:1      | Reached XP level 2. HP: 17/21 MP: 3/5
   537 | D:1      | Reached XP level 3. HP: 26/26 MP: 3/6
   548 | D:1      | Learned a level 2 spell: Sticks to Snakes
   552 | D:1      | Learned a level 3 spell: Spider Form
   882 | D:2      | HP: 1/26 [poisoned by an adder]
  1590 | D:2      | Reached XP level 4. HP: 32/32 MP: 1/7
  1697 | D:2      | Reached skill level 1 in Poison Magic
  1995 | D:2      | Found a sparkling altar of Nemelex Xobeh.
  2164 | D:2      | Found a stormy altar of Qazlal.
  2166 | D:2      | Found a sparkling altar of Nemelex Xobeh.
  2309 | D:2      | Became a worshipper of Qazlal Stormbringer
  2642 | D:3      | Noticed an ogre
  2656 | D:3      | Killed an ogre
  2656 | D:3      | Reached skill level 5 in Unarmed Combat
  2656 | D:3      | Reached XP level 5. HP: 37/37 MP: 5/8
  3161 | D:3      | Found a shadowy altar of Dithmenos.
  3168 | D:3      | Found a deep blue altar of Sif Muna.
  3544 | D:4      | Reached skill level 5 in Transmutations
  3544 | D:4      | Reached XP level 6. HP: 34/43 MP: 1/9
  3692 | D:4      | Found a staircase to the Ecumenical Temple.
  3922 | D:4      | Noticed Sigmund
  3952 | D:4      | Killed Sigmund
  4109 | D:5      | Entered Level 5 of the Dungeon
  4109 | D:5      | Noticed an ice beast
  4250 | D:5      | Found a shattered altar of Ashenzari.
  4483 | D:5      | Killed an ice beast
  4483 | D:5      | Reached XP level 7. HP: 47/48 MP: 7/10
  5323 | D:6      | Reached * piety under Qazlal
  5496 | D:6      | Reached XP level 8. HP: 48/56 MP: 8/11
  6185 | D:7      | Found a sparkling altar of Nemelex Xobeh.
  6311 | D:7      | Slain by an unseen horror

Skill      XL: |  1  2  3  4  5  6  7  8 |
---------------+-------------------------+-----
Transmutations | 3 4 5 6 7 |  7.0
Dodging        | 3 4 |  4.8
Unarmed Combat | 4 5 6 7 |  7.1
Poison Magic   | 1 2 3 4 |  4.0
Fighting       | 2 |  2.0
Spellcasting   | |  2.0

Action                   |  1- 3 |  4- 6 |  7- 9 || total
-------------------------+-------+-------+-------++-------
Melee: Unarmed           |   113 |   214 |    92 ||   419
       Headbutt          |    17 |    18 |     1 ||    36
       Punch             |     4 |     4 |       ||     8
 Cast: Beastly Appendage |    20 |    19 |     3 ||    42
       Spider Form       |     2 |    14 |    13 ||    29
  Use: Potion            |     1 |     1 |     2 ||     4
       Scroll            |       |    11 |     5 ||    16
 Stab: Sleeping          |     2 |       |       ||     2
  Eat: Chunk             |     3 |     9 |     7 ||    19
       Ration            |       |     1 |       ||     1
Armor: Robe              |    20 |    11 |       ||    31
       Skin              |     1 |     2 |     3 ||     6
Dodge: Dodged            |    79 |   122 |    90 ||   291
Block: Other             |       |       |     3 ||     3
